 Dungeon Crawl Stone Soup version 0.31-a0-1178-gc5c9b8f871 (webtiles) character file.

Game seed: 5921224540890299411

10706 qw the Skirmisher (level 11, -3/72 HPs)
             Began as a Gargoyle Hunter on Dec 11, 2023.
             Was an Elder of Okawaru.
             Slain by an orc priest
             ... wielding the +10 halberd of Mykuf {protect, Str+2}
              (9 damage)
             ... on level 10 of the Dungeon.
             The game lasted 00:04:47 (9101 turns).

qw the Skirmisher (Gargoyle Hunter)                 Turns: 9101, Time: 00:04:47

Health: -3/72      AC: 14    Str: 16    XL:     11   Next: 66%
Magic:  14/14      EV: 14    Int:  9    God:    Okawaru [****..]
Gold:   593        SH:  0    Dex: 17    Spells: 10/10 levels left

rFire   . . .        g - +0 orcbow
rCold   . . .        (shield currently unavailable)
rNeg    + . .        d - +0 steam dragon scales
rPois   inf          (no helmet)
rElec   +            (no cloak)
rCorr   .            n - +0 pair of gloves
SInv    +            (no boots)
Will    .....        c - amulet of regeneration
Stlth   ++           k - ring of see invisible
HPRegen 1.12/turn    (no ring)
MPRegen 0.14/turn

%: no passive effects
@: no status effects
A: sickness immunity, AC +8, negative energy resistance 1, electricity
resistance, torment resistance 1, petrification resistance
a: Renounce Religion, Heroism, Finesse


You were on level 10 of the Dungeon.
You worshipped Okawaru.
Okawaru was greatly pleased with you.
You visited 2 branches of the dungeon, and saw 11 of its levels.

You collected 593 gold pieces.


Innate Abilities, Weirdness & Mutations

You are immune to sickness and miasma.
Your stone body is resilient. (AC +8)
You are immune to poison.
You resist negative energy. (rN+)
You are resistant to electric shocks. (rElec)
You are resistant to unholy torment.
You are immune to petrification.


   Skills:
 - Level 10.3 Fighting
 + Level 14.1 Ranged Weapons
 - Level 3.0 Armour
 - Level 5.0 Dodging
 - Level 1.1 Stealth
 + Level 4.0 Invocations


You had 10 spell levels left.
You didn't know any spells.
Your spell library was empty.

Inventory:

Hand Weapons
 g - a +0 orcbow (weapon)
Armour
 d - +0 steam dragon scales (worn)
 n - a +0 pair of gloves (worn)
Jewellery
 b - a ring of ice
 c - an amulet of regeneration (around neck)
 k - a ring of see invisible (left hand)
Wands
 h - a wand of paralysis (7)
Potions
 a - a potion of magic
 e - a potion of enlightenment
 f - 4 potions of curing
 i - a potion of might
 j - a potion of haste

Dungeon Overview and Level Annotations

Branches:
Dungeon (10/15)            Temple (1/1) D:6
   Lair: D:8-11         Orc: D:9-12

Altars:
Ashenzari
Cheibriados
Dithmenos
Elyvilon
Fedhas
Gozag
Hepliaklqana
Kikubaaqudgha
Makhleb
Nemelex Xobeh
Okawaru
Qazlal
Ru
Sif Muna
Trog
Uskayaw
Vehumet
Wu Jian
Xom
Yredelemnul
Zin
The Shining One

Shops:
D:1 *

Portals:
Bailey: D:10

Annotations:
D:3 1 runed translucent door, Crazy Yiuf
D:9 exclusion: orange crystal statue


Message History

Okawaru accepts your kill.
You shoot an arrow.
The arrow closely misses the orc priest.
The orc priest hits you from afar with the +10 halberd of Mykuf {protect, Str+2}.
You shoot an arrow. The arrow hits the two-headed ogre!!
The two-headed ogre is moderately wounded.
The orc priest invokes the aid of Beogh against you.
Beogh smites you! The two-headed ogre closely misses you.
The two-headed ogre hits you with a +0 giant spiked club!
You shoot an arrow. The arrow hits the two-headed ogre!
The two-headed ogre is heavily wounded.
The orc priest hits you from afar with the +10 halberd of Mykuf {protect, Str+2}.
You shoot an arrow. The arrow hits the two-headed ogre!
The two-headed ogre is severely wounded.
The two-headed ogre hits you with a +0 dire flail!
The two-headed ogre hits you but does no damage.
You shoot an arrow.
The arrow hits the two-headed ogre but does no damage.
The two-headed ogre is severely wounded.
The orc priest hits you but does no damage.
You shoot an arrow. The arrow hits the two-headed ogre!
The two-headed ogre is almost dead.
The orc priest hits you from afar with the +10 halberd of Mykuf {protect, Str+2}!
The two-headed ogre misses you.
The two-headed ogre hits you with a +0 giant spiked club.
You shoot an arrow.
The arrow hits the two-headed ogre but does no damage.
The two-headed ogre is almost dead.
The orc priest calls down the wrath of Beogh upon you.
Beogh smites you!
You shoot an arrow. The arrow hits the two-headed ogre!
You kill the two-headed ogre!
Okawaru is honoured by your kill.
You can now speed up your combat.
The orc priest hits you from afar with the +10 halberd of Mykuf {protect, Str+2}.
Your Dodging skill increases to level 5!
You shoot an arrow.
The arrow hits the orc priest but does no damage.
You shoot an arrow. The arrow barely misses the orc priest.
The orc priest hits you from afar with the +10 halberd of Mykuf {protect, Str+2}!
You die...

#.## #######....###
#.# #............#
##.#####............#
.......+............#
..######............#
.## #............# ##
#............# #
#............# #
#........@...# #
###+######)### # o..
)..# ###### \).#
.....# )..# .#.###
...# .#...# ...#
####.#


You could see an orc priest.

Vanquished Creatures
  3 two-headed ogres
  Pikel (D:4)
  A hornet (D:9)
  Grinder (D:3)
  Prince Ribbit (D:5)
  Sigmund (D:2)
  4 wyverns
  14 yaks
  2 wraiths
  A steam dragon (D:7)
  4 water moccasins
  An orc warrior (D:9)
  A sky beast (D:7)
  2 black bears
  2 ice beasts (D:6)
  2 ogres (D:5)
  A lemure (D:4)
  4 phantoms
  A kobold brigand (D:7)
  A bullfrog (D:9)
  A gnoll sergeant (D:9)
  2 scorpions (D:5)
  22 wights
  15 killer bees
  An electric eel (D:7)
  2 howler monkeys
  4 jellies
  3 orc priests (D:7)
  A gnoll bouda (D:7)
  3 hounds
  Jessica (D:2)
  A sleepcap (D:6)
  9 iguanas
  Natasha (thrice) (D:2)
  10 orc wizards
  8 gnolls
  4 adders
  A white imp (D:8)
  4 ufetubi
  2 worms
  2 dart slugs
  22 orcs
  3 ball pythons
  4 endoplasms
  4 giant cockroaches
  4 goblins
  5 hobgoblins
  2 jackals (D:4)
  4 quokkas
  6 bats
  6 frilled lizards
  6 kobolds
  6 rats
219 creatures vanquished.

Notes
Turn   | Place    | Note
-------+----------+-------------------------------------------
     0 | D:1      | qw the Gargoyle Hunter began the quest for the Orb.
     0 | D:1      | Reached XP level 1. HP: 12/12 MP: 1/1
     0 | D:1      | 0 ||| qw: Version: 0.3-a-106-g2cfff9e
     0 | D:1      | 0 ||| qw: Game counter: 2054
     0 | D:1      | 0 ||| qw: Melee chars always use a shield: true
     0 | D:1      | 0 ||| qw: God list: Okawaru
     0 | D:1      | 0 ||| qw: Allow faded altars: false
     0 | D:1      | 0 ||| qw: Do Orc after clearing Dungeon:15 true
     0 | D:1      | 0 ||| qw: Do second Lair branch before Depths: true
     0 | D:1      | 0 ||| qw: Lair rune preference: random
     0 | D:1      | 0 ||| qw: Goals: Normal, Save, Zot:1-4, Win
     0 | D:1      | 0 ||| PLANNING D:1-11
    95 | D:1      | Reached XP level 2. HP: 17/17 MP: 2/2
   132 | D:1      | Found Zeiseh's General Store.
   139 | D:1      | 139 ||| SHOPLISTING +0 pair of boots (45 gold, have 20).
   139 | D:1      | 139 ||| SHOPLISTING +0 pair of boots of flying (115 gold,
                  | have 20).
   139 | D:1      | 139 ||| SHOPLISTING potion of resistance (100 gold, have
                  | 20).
   488 | D:1      | 488 ||| UPGRADING to +0 ring mail.
   498 | D:1      | 498 ||| DROPPING +0 leather armour.
   499 | D:1      | 499 ||| DROPPING ring of flight.
   500 | D:1      | 500 ||| READING scroll labelled SYNKUCWYQYLE.
   501 | D:1      | 501 ||| READING scroll labelled CAZEWA OHEA.
   506 | D:1      | 506 ||| READING scroll labelled COHONTUFOC.
   507 | D:1      | 507 ||| READING scroll labelled OJONNOIGAO.
   508 | D:1      | 508 ||| DROPPING scroll of butterflies.
   608 | D:2      | Reached XP level 3. HP: 21/21 MP: 3/3
   644 | D:2      | Reached skill level 1 in Armour
   846 | D:2      | Noticed Jessica
   849 | D:2      | Killed Jessica
   850 | D:2      | Reached skill level 5 in Ranged Weapons
   851 | D:2      | 851 ||| FLEEEEING.
   852 | D:2      | 852 ||| FLEEEEING.
   853 | D:2      | 853 ||| FLEEEEING.
   854 | D:2      | 854 ||| FLEEEEING.
   855 | D:2      | 855 ||| FLEEEEING.
   856 | D:2      | 856 ||| FLEEEEING.
   857 | D:2      | 857 ||| FLEEEEING.
   858 | D:2      | 858 ||| FLEEEEING.
   859 | D:2      | 859 ||| FLEEEEING.
   860 | D:2      | 860 ||| FLEEEEING.
   861 | D:2      | 861 ||| FLEEEEING.
   862 | D:2      | 862 ||| FLEEEEING.
   863 | D:2      | 863 ||| FLEEEEING.
   864 | D:2      | 864 ||| FLEEEEING.
   865 | D:2      | 865 ||| FLEEEEING.
   866 | D:2      | 866 ||| FLEEEEING.
   867 | D:2      | 867 ||| FLEEEEING.
   868 | D:2      | 868 ||| FLEEEEING.
   869 | D:2      | 869 ||| FLEEEEING.
   870 | D:2      | 870 ||| FLEEEEING.
   871 | D:2      | 871 ||| FLEEEEING.
   872 | D:2      | 872 ||| FLEEEEING.
   873 | D:2      | 873 ||| FLEEEEING.
   874 | D:2      | 874 ||| FLEEEEING.
   875 | D:2      | 875 ||| FLEEEEING.
   876 | D:2      | 876 ||| FLEEEEING.
   877 | D:2      | 877 ||| FLEEEEING.
   878 | D:2      | 878 ||| FLEEEEING.
   879 | D:2      | 879 ||| FLEEEEING.
   880 | D:2      | 880 ||| FLEEEEING.
   881 | D:2      | 881 ||| STAIRDANCE
   901 | D:1      | 901 ||| READING scroll labelled ZOIMOI IMOQ.
  1002 | D:1      | 1002 ||| DRINKING 3 sapphire potions.
  1073 | D:2      | Noticed Natasha
  1075 | D:2      | Killed Natasha
  1076 | D:2      | Reached XP level 4. HP: 27/27 MP: 4/4
  1099 | D:2      | Noticed Natasha
  1108 | D:2      | Killed Natasha
  1109 | D:2      | Reached skill level 3 in Fighting
  1144 | D:2      | Noticed Sigmund
  1155 | D:2      | Killed Sigmund
  1156 | D:2      | Reached skill level 6 in Ranged Weapons
  1156 | D:2      | Reached XP level 5. HP: 12/32 MP: 5/5
  1156 | D:2      | Reached XP level 6. HP: 14/37 MP: 6/6
  1466 | D:2      | Noticed Natasha
  1471 | D:2      | Killed Natasha
  1736 | D:3      | Found a runed translucent door.
  1737 | D:3      | Noticed Crazy Yiuf
  1804 | D:3      | Noticed Grinder
  1810 | D:3      | Killed Grinder
  1811 | D:3      | Reached skill level 7 in Ranged Weapons
  1811 | D:3      | Reached XP level 7. HP: 41/43 MP: 7/7
  2168 | D:3      | Found an opulent altar of Gozag.
  2425 | D:3      | 2425 ||| UPGRADING to +0 pair of gloves.
  2430 | D:3      | 2430 ||| READING scroll labelled UBIC EMMYK.
  2430 | D:3      | 2430 ||| BRANDING +0 shortbow.
  2431 | D:3      | 2431 ||| READING scroll labelled APRELY QUIM.
  2432 | D:3      | 2432 ||| READING scroll labelled SOGO HOEWNIFA.
  2463 | D:3      | 2463 ||| DRINKING 2 golden potions.
  2636 | D:4      | Noticed Pikel
  2637 | D:4      | 2637 ||| Stepping ~*~*~tactically~*~*~ (retreating).
  2638 | D:4      | 2638 ||| Stepping ~*~*~tactically~*~*~ (retreating).
  2650 | D:4      | HP: 8/43 [Pikel/+2 whip of freezing (4)]
  2651 | D:4      | 2651 ||| READING scroll of teleportation.
  2652 | D:4      | 2652 ||| DRINKING murky cyan potion.
  2653 | D:4      | 2653 ||| DRINKING smoky silvery potion.
  2815 | D:4      | 2815 ||| Stepping ~*~*~tactically~*~*~ (retreating).
  2816 | D:4      | 2816 ||| Stepping ~*~*~tactically~*~*~ (retreating).
  2817 | D:4      | 2817 ||| Stepping ~*~*~tactically~*~*~ (retreating).
  2818 | D:4      | 2818 ||| Stepping ~*~*~tactically~*~*~ (retreating).
  2819 | D:4      | 2819 ||| Stepping ~*~*~tactically~*~*~ (retreating).
  2827 | D:4      | Killed Pikel
  2828 | D:4      | Reached skill level 9 in Ranged Weapons
  2828 | D:4      | Reached XP level 8. HP: 37/48 MP: 8/8
  2828 | D:4      | 2828 ||| FLEEEEING.
  2829 | D:4      | 2829 ||| FLEEEEING.
  2830 | D:4      | 2830 ||| FLEEEEING.
  2831 | D:4      | 2831 ||| FLEEEEING.
  2832 | D:4      | 2832 ||| FLEEEEING.
  2833 | D:4      | 2833 ||| FLEEEEING.
  2834 | D:4      | 2834 ||| FLEEEEING.
  2835 | D:4      | 2835 ||| FLEEEEING.
  2836 | D:4      | 2836 ||| FLEEEEING.
  2837 | D:4      | 2837 ||| FLEEEEING.
  2840 | D:4      | 2840 ||| FLEEEEING.
  2841 | D:4      | 2841 ||| FLEEEEING.
  2842 | D:4      | 2842 ||| FLEEEEING.
  2843 | D:4      | 2843 ||| STAIRDANCE
  2904 | D:3      | 2904 ||| DROPPING ring of magical power.
  2905 | D:3      | 2905 ||| READING scroll labelled JIAWOAT HEOPU.
  2905 | D:3      | 2905 ||| IDENTIFYING glowing golden potion
  3380 | D:4      | Found a burning altar of Makhleb.
  3382 | D:4      | 3382 ||| READING 3 scrolls of identify.
  3382 | D:4      | 3382 ||| IDENTIFYING emerald potion
  3383 | D:4      | 3383 ||| READING 2 scrolls of identify.
  3383 | D:4      | 3383 ||| IDENTIFYING fizzy cyan potion
  3384 | D:4      | 3384 ||| DROPPING potion of ambrosia.
  3385 | D:4      | 3385 ||| DROPPING potion of invisibility.
  3402 | D:5      | Entered Level 5 of the Dungeon
  3721 | D:5      | Reached skill level 6 in Fighting
  3865 | D:5      | Reached skill level 10 in Ranged Weapons
  4112 | D:5      | Reached XP level 9. HP: 56/56 MP: 9/9
  4115 | D:5      | Noticed Prince Ribbit
  4127 | D:5      | Killed Prince Ribbit
  4348 | D:6      | Found a staircase to the Ecumenical Temple.
  4349 | D:6      | 4349 ||| PLANNING TEMPLE
  4357 | Temple   | Entered the Ecumenical Temple
  4358 | Temple   | 4358 ||| PLANNING D:1-11
  4519 | D:6      | 4519 ||| RETREEAATING.
  4520 | D:6      | 4520 ||| STILL RETREEAATING.
  4521 | D:6      | 4521 ||| STILL RETREEAATING.
  4550 | D:6      | Reached skill level 11 in Ranged Weapons
  4712 | D:6      | Reached skill level 3 in Dodging
  4836 | D:6      | Reached skill level 3 in Armour
  4881 | D:6      | Identified the staff of Integrity {rF+ Dex+3 Stlth+ Fire}
  5228 | D:6      | 5228 ||| READING 4 scrolls of identify.
  5228 | D:6      | 5228 ||| IDENTIFYING blue potion
  5229 | D:6      | 5229 ||| READING 3 scrolls of identify.
  5229 | D:6      | 5229 ||| IDENTIFYING green potion
  5230 | D:6      | 5230 ||| READING 2 scrolls of identify.
  5230 | D:6      | 5230 ||| IDENTIFYING cyan potion
  5231 | D:6      | 5231 ||| READING scroll of identify.
  5231 | D:6      | 5231 ||| IDENTIFYING 2 grey potions
  5232 | D:6      | 5232 ||| READING scroll labelled CUMERPH QEZOFUREEMO.
  5233 | D:6      | 5233 ||| DROPPING 2 potions of magic.
  5234 | D:6      | 5234 ||| DROPPING potion of lignification.
  5235 | D:6      | 5235 ||| DROPPING potion of degeneration.
  5304 | D:7      | Reached XP level 10. HP: 64/64 MP: 10/10
  5338 | D:7      | 5338 ||| RETREEAATING.
  5339 | D:7      | 5339 ||| Stepping ~*~*~tactically~*~*~ (retreating).
  5340 | D:7      | 5340 ||| Stepping ~*~*~tactically~*~*~ (retreating).
  5341 | D:7      | 5341 ||| Stepping ~*~*~tactically~*~*~ (retreating).
  5361 | D:7      | HP: 15/64 [wight/+3 battleaxe (5)]
  5362 | D:7      | 5362 ||| READING scroll of teleportation.
  5554 | D:7      | 5554 ||| Stepping ~*~*~tactically~*~*~ (retreating).
  5555 | D:7      | 5555 ||| Stepping ~*~*~tactically~*~*~ (retreating).
  5577 | D:7      | HP: 16/64 [killer bee (2)]
  5581 | D:7      | HP: 7/64 [killer bee (7)]
  5583 | D:7      | Reached skill level 12 in Ranged Weapons
  5986 | D:7      | 5986 ||| Stepping ~*~*~tactically~*~*~ (cloud).
  5994 | D:7      | 5994 ||| Stepping ~*~*~tactically~*~*~ (cloud).
  6223 | D:7      | 6223 ||| Stepping ~*~*~tactically~*~*~ (retreating).
  6224 | D:7      | 6224 ||| Stepping ~*~*~tactically~*~*~ (retreating).
  6225 | D:7      | 6225 ||| Stepping ~*~*~tactically~*~*~ (retreating).
  6228 | D:7      | 6228 ||| Stepping ~*~*~tactically~*~*~ (retreating).
  6230 | D:7      | 6230 ||| Stepping ~*~*~tactically~*~*~ (retreating).
  6254 | D:7      | Reached skill level 13 in Ranged Weapons
  6354 | D:7      | 6354 ||| UPGRADING to +0 steam dragon scales.
  6355 | D:7      | 6355 ||| UPGRADING to +0 steam dragon scales.
  6357 | D:7      | 6357 ||| UPGRADING to +0 steam dragon scales.
  6358 | D:7      | 6358 ||| UPGRADING to +0 steam dragon scales.
  6359 | D:7      | 6359 ||| UPGRADING to +0 steam dragon scales.
  6360 | D:7      | 6360 ||| FLEEEEING.
  6386 | D:7      | 6386 ||| UPGRADING to +0 steam dragon scales.
  6396 | D:7      | 6396 ||| DROPPING +0 ring mail.
  6436 | D:7      | Found a sacrificial altar of Ru.
  6588 | D:7      | Found an iron altar of Okawaru.
  6589 | D:7      | 6589 ||| PLANNING OKAWARU WORSHIP
  6589 | D:7      | 6589 ||| READING 2 scrolls of identify.
  6589 | D:7      | 6589 ||| IDENTIFYING black potion
  6590 | D:7      | 6590 ||| READING scroll of identify.
  6590 | D:7      | 6590 ||| IDENTIFYING scroll labelled PESKIKHLAPH
  6591 | D:7      | 6591 ||| DROPPING scroll of poison.
  6601 | D:7      | Became a worshipper of Warmaster Okawaru
  6602 | D:7      | 6602 ||| PLANNING D:1-11
  6806 | D:7      | Found a white marble altar of Elyvilon.
  6872 | D:8      | 6872 ||| STAIRDANCE
  6880 | D:8      | 6880 ||| STAIRDANCE
  6882 | D:7      | 6882 ||| Stepping ~*~*~tactically~*~*~ (retreating).
  6883 | D:7      | 6883 ||| Stepping ~*~*~tactically~*~*~ (retreating).
  6884 | D:7      | 6884 ||| Stepping ~*~*~tactically~*~*~ (retreating).
  6885 | D:7      | 6885 ||| Stepping ~*~*~tactically~*~*~ (retreating).
  6886 | D:7      | 6886 ||| Stepping ~*~*~tactically~*~*~ (retreating).
  6887 | D:7      | 6887 ||| Stepping ~*~*~tactically~*~*~ (retreating).
  6915 | D:7      | Reached skill level 9 in Fighting
  7035 | D:8      | 7035 ||| STAIRDANCE
  7042 | D:7      | Reached * piety under Okawaru
  7053 | D:8      | 7053 ||| STAIRDANCE
  7060 | D:7      | Reached skill level 1 in Invocations
  7222 | D:8      | 7222 ||| SWAPPING to +0 orcbow.
  7223 | D:8      | 7223 ||| DROPPING +0 shortbow of draining.
  7346 | D:8      | 7346 ||| RETREEAATING.
  7348 | D:8      | 7348 ||| STILL RETREEAATING.
  7350 | D:8      | 7350 ||| Stepping ~*~*~tactically~*~*~ (retreating).
  7354 | D:8      | Reached XP level 11. HP: 63/71 MP: 11/13
  7357 | D:8      | 7357 ||| Stepping ~*~*~tactically~*~*~ (retreating).
  7358 | D:8      | 7358 ||| Stepping ~*~*~tactically~*~*~ (retreating).
  7359 | D:8      | 7359 ||| Stepping ~*~*~tactically~*~*~ (retreating).
  7363 | D:8      | Reached skill level 3 in Invocations
  7383 | D:8      | HP: 16/71 [yak (9)]
  7384 | D:8      | 7384 ||| DRINKING potion of heal wounds.
  7530 | D:8      | 7530 ||| UPGRADING to amulet of regeneration.
  7635 | D:9      | Noticed an orange crystal statue
  7698 | D:9      | Reached ** piety under Okawaru
  7718 | D:9      | 7718 ||| DRINKING 5 potions of curing.
  7718 | D:9      | 7718 ||| (to cure confusion)
  7732 | D:9      | 7732 ||| FLEEEEING.
  7733 | D:9      | 7733 ||| FLEEEEING.
  7897 | D:9      | HP: 11/71 [gnoll/+0 halberd[a gnoll sergeant] (8)]
  7897 | D:9      | HP: 5/71 [gnoll sergeant/+5 spear (6)]
  7995 | D:9      | 7995 ||| RETREEAATING.
  8101 | D:9      | Found a hazy altar of Hepliaklqana.
  8102 | D:9      | Found a shimmering altar of Xom.
  8110 | D:9      | Noticed a two-headed ogre
  8111 | D:9      | 8111 ||| RETREEAATING.
  8114 | D:9      | 8114 ||| Stepping ~*~*~tactically~*~*~ (retreating).
  8116 | D:9      | 8116 ||| Stepping ~*~*~tactically~*~*~ (retreating).
  8117 | D:9      | 8117 ||| STILL RETREEAATING.
  8118 | D:9      | 8118 ||| STILL RETREEAATING.
  8119 | D:9      | 8119 ||| RETREEAATING.
  8120 | D:9      | 8120 ||| STILL RETREEAATING.
  8121 | D:9      | 8121 ||| STILL RETREEAATING.
  8122 | D:9      | 8122 ||| FLEEEEING.
  8123 | D:9      | 8123 ||| FLEEEEING.
  8128 | D:9      | 8128 ||| Stepping ~*~*~tactically~*~*~ (retreating).
  8132 | D:9      | Killed a two-headed ogre
  8133 | D:9      | Reached skill level 14 in Ranged Weapons
  8564 | D:9      | Reached *** piety under Okawaru
  8704 | D:9      | Found a glowing silver altar of Zin.
  8868 | D:9      | 8868 ||| UPGRADING to ring of see invisible.
  8905 | D:10     | Entered Level 10 of the Dungeon
  8905 | D:10     | Noticed a two-headed ogre
  8918 | D:10     | Killed a two-headed ogre
  8919 | D:10     | 8919 ||| STAIRDANCE
  9073 | D:10     | Found a flagged portal.
  9076 | D:10     | 9076 ||| DRINKING 5 potions of curing.
  9076 | D:10     | 9076 ||| (to cure confusion)
  9083 | D:10     | Identified the +10 halberd of Mykuf {protect, Str+2}
  9085 | D:10     | Noticed a two-headed ogre
  9097 | D:10     | HP: 17/72 [orc priest/the +10 halberd of Mykuf {protect,
                  | Str+2} (15)]
  9098 | D:10     | HP: 4/72 [orc priest/divine providence (13)]
  9099 | D:10     | Killed a two-headed ogre
  9099 | D:10     | Reached **** piety under Okawaru
  9101 | D:10     | Slain by an orc priest

Levels and vault maps discovered:
D:1:      dpeg_arrival_stone_temple_mockup, layout_basic, serial_shops,
          nicolae_shop_rolling_square
D:2:      layout_basic, chequers_serial_rivers_large_a, uniq_natasha,
          uniq_jessica, uniq_sigmund
D:3:      layout_loops_ring, mainiacjoe_overflow_concentric_impassable,
          uniq_grinder, uniq_crazy_yiuf_cottage
D:4:      layout_loops_ring, lemuel_coloured_pillars_altar, uniq_pikel
D:5:      nicolae_cairo_tiling_very_big, layout_basic, uniq_prince_ribbit1
D:6:      minmay_octagon_keep, layout_gridville, minmay_temple_entry_tees
D:7:      minmay_inner_zag, layout_basic, mainiacjoe_overflow_alcove_4,
          lemuel_tele_altar, nicolae_elyvilon_temple_path
D:8:      layout_rooms
D:9:      layout_irregular_city, regret_index_temple_of_mockery, zin_statuary,
          minmay_protected_statue
D:10:     layout_roguey, lair_entry_dummy, gammafunk_ghost_grave, enter_bailey_2
Temple:   nicolae_temple_great_sept

Skill      XL: |  1  2  3  4  5  6  7  8  9 10 11 |
---------------+----------------------------------+-----
Armour         | 1 2 3 |  3.0
Ranged Weapons | 5 6 7 9 10 11 13 14 | 14.1
Fighting       | 3 4 6 8 9 10 | 10.3
Dodging        | 2 3 4 5 |  5.0
Invocations    | 2 4 |  4.0
Stealth        | |  1.1

Action                     |  1- 3 |  4- 6 |  7- 9 | 10-12 || total
---------------------------+-------+-------+-------+-------++-------
   Fire: Shortbow          |    75 |    61 |   375 |   317 ||   828
         Orcbow            |       |       |       |   320 ||   320
    Use: Scroll            |     5 |       |    12 |     3 ||    20
         Potion            |     1 |       |     3 |     3 ||     7
 Armour: Leather armour    |    31 |       |       |       ||    31
         Ring mail         |     1 |    14 |   147 |   108 ||   270
         Steam dragon scal |       |       |       |   180 ||   180
  Dodge: Dodged            |    28 |     9 |   132 |   317 ||   486

Table legend:
 A = Non-vault XP
 B = Vault XP
 C = Vault XP percentage of total XP
 D = Non-vault monster count
 E = Vault monster count
 F = Vault count percentage of total count
                 A         B        C        D         E       F
            +---------+---------+-------+---------+---------+-------
      Total |   12586 |    2709 |  17.7 |     194 |      24 |  11.0
            +---------+---------+-------+---------+---------+-------
        D:1 |      29 |       0 |   0.0 |      18 |       0 |   0.0
        D:2 |      91 |     298 |  76.6 |      14 |       3 |  17.6
        D:3 |      40 |     272 |  87.2 |      16 |       1 |   5.9
        D:4 |     320 |     673 |  67.8 |      16 |       1 |   5.9
        D:5 |     845 |     259 |  23.5 |      19 |       1 |   5.0
        D:6 |    1013 |     670 |  39.8 |       9 |      13 |  59.1
        D:7 |    3470 |     537 |  13.4 |      45 |       5 |  10.0
        D:8 |    1565 |       0 |   0.0 |      12 |       0 |   0.0
        D:9 |    3299 |       0 |   0.0 |      39 |       0 |   0.0
       D:10 |    1914 |       0 |   0.0 |       6 |       0 |   0.0
            +---------+---------+-------+---------+---------+-------
